 Dungeon Crawl Stone Soup version 0.31.0-12-g77e489cdc1 (webtiles) character file.

Game seed: 3056805704227568152

161 112233 the Ruffian (level 5, -3/29 (35) HPs)
             Began as an Octopode Shapeshifter on Feb 13, 2024.
             Slain by Duvessa
             ... wielding a +0 rapier of draining
              (6 damage)
             ... on level 4 of the Dungeon.
             The game lasted 00:01:44 (2307 turns).

112233 the Ruffian (Octopode Shapeshifter)          Turns: 2307, Time: 00:01:45

HP:   -3/29 (35)    AC:  1    Str: 11 (14) XL:     5   Next: 42%
MP:   5/5           EV: 13    Int: 11 (12) God:
Gold: 118           SH:  0    Dex: 11 (13) Spells: 4/4 levels left

rFire   . .          .
                       - Unarmed
rCold   . . .        (no shield)
rNeg    . . .        (helmet currently unavailable)
rPois   .            (no amulet)
rElec   .            (no ring)
rCorr   .            (no ring)
SInv    .            (no ring)
Will    .....        (no ring)
Stlth   ++           (no ring)
HPRegen 0.24/turn    (no ring)
MPRegen 0.09/turn    (no ring)
                     (no ring)

%: no passive effects
@: mighty, beast-form, heavily drained
A: beast (slay +2), almost no armour, amphibious, 8 rings, camouflage 1,
gelatinous body 1, (nimble swimmer 1), tentacles
a: Begin Untransformation


You were on level 4 of the Dungeon.
You were a hulking beast.
You visited 1 branch of the dungeon, and saw 4 of its levels.

You collected 118 gold pieces.

Inventory:

Missiles
 m - a throwing net (quivered)
Magical Staves
 l - a staff of cold
Jewellery
 a - a ring of protection from cold
Talismans
 b - a beast talisman
 c - a flux talisman
 h - a serpent talisman
Scrolls
 d - a scroll of blinking {unknown}
 e - a scroll of vulnerability {unknown}
 f - a scroll of enchant armour {unknown}
 g - a scroll of immolation {unknown}
 i - a scroll of silence {unknown}
 j - a scroll of fog {unknown}
 k - 4 scrolls of teleportation {unknown}
 n - a scroll of amnesia {unknown}
 q - 2 scrolls of identify {unknown}
Potions
 o - a potion of degeneration
 r - a potion of heal wounds {unknown}


   Skills:
 + Level 2.5 Fighting
 + Level 3.1 Dodging
 + Level 3.9 Unarmed Combat
 + Level 3.8 Shapeshifting


You had 4 spell levels left.
You didn't know any spells.
Your spell library contained the following spells:

 Spells                   Type           Power      Damage    Failure   Level
 Magic Dart               Conj           0%         1d3       34%         1
 Blink                    Tloc           0%         N/A       47%         2
 Call Imp                 Summ           0%         N/A       47%         2
 Lesser Beckoning         Tloc           0%         N/A       47%         2
 Momentum Strike          Conj/Tloc      0%         3d8       47%         2


Dungeon Overview and Level Annotations

Branches:
Dungeon (4/15)
 Temple: D:4-7

Altars:
Nemelex Xobeh

Annotations:
D:4 Dowan, Duvessa, Sigmund


Innate Abilities, Weirdness & Mutations

You are a hulking beast.
Your limbs bulge with bestial killing power. (Slay +2)
You cannot wear most types of armour.
You are amphibious.
You can wear up to eight rings at the same time.
Your skin changes colour to match your surroundings (Stealth+).
Your rubbery body absorbs attacks. (AC +1, EV +1)
((You are camouflaged when in or above water. (Stealth+)))
You have tentacles for arms and can constrict up to eight enemies at once.


Message History

You grab Duvessa.
You constrict Duvessa, but do no damage.
Duvessa misses you.
You tentacle-slap Duvessa.
Duvessa is lightly wounded.
You constrict Duvessa, but do no damage.
Duvessa struggles to escape constriction.
Dowan casts a spell at Duvessa.
Duvessa seems to speed up.
You tentacle-slap Duvessa.
Duvessa is lightly wounded.
You constrict Duvessa, but do no damage.
Duvessa escapes!
Duvessa hits you with a +0 rapier of draining.
You feel drained.
Unknown command.
Duvessa says, "When magic and the sword combine, nothing stands against them."
Duvessa closely misses you.
Unknown command.
You tentacle-slap Duvessa. You grab Duvessa.
Duvessa is lightly wounded.
You constrict Duvessa, but do no damage.
Duvessa hits you with a +0 rapier of draining!
You feel drained.
You completely miss Duvessa. You squeeze Duvessa.
Duvessa is moderately wounded.
You constrict Duvessa, but do no damage.
Duvessa hits you with a +0 rapier of draining!
* * * LOW HITPOINT WARNING * * *
You feel drained.
* * * LOW HITPOINT WARNING * * *
Something barely misses you.
Dowan gestures wildly while chanting.
Dowan blinks!
It was a potion of degeneration.
There was something very wrong with that liquid.
You feel weakened.
You feel dopey.
You feel clumsy.
You constrict Duvessa. Duvessa misses you.
Duvessa hits you with a +0 rapier of draining.
You die...

### ##.## ##.#.##
##.###.########
#######.## ##.......#
#........###...####.###
#.#######.#.##.####...#
#......he§e...........#
#.....###{..#######...##
#...#.####.## #.....
........e..# #..###
#.......#### #..###
.#.#... #...... #.#.
#..#.## ..... ..###. ...
#. .#.


You could see Duvessa (fast) and Dowan.

Vanquished Creatures
  A scorpion (D:3)
  An orc priest (D:3)
  2 adders
  2 dart slugs
  3 orcs (D:3)
  6 endoplasms
  2 giant cockroaches
  A goblin (D:1)
  5 hobgoblins
  2 quokkas
  9 ball pythons
  5 bats
  3 frilled lizards
  3 kobolds
  6 rats (D:1)
51 creatures vanquished.

Notes
Turn   | Place    | Note
-------+----------+-------------------------------------------
     0 | D:1      | 112233 the Octopode Shapeshifter began the quest for the
                  | Orb.
     0 | D:1      | Reached XP level 1. HP: 13/13 MP: 1/1
   191 | D:1      | Reached XP level 2. HP: 18/18 MP: 2/2
   221 | D:1      | Found a faded altar of an unknown god.
   807 | D:2      | Reached XP level 3. HP: 17/23 MP: 3/3
  1524 | D:3      | Reached XP level 4. HP: 29/29 MP: 4/4
  1796 | D:3      | Found a sparkling altar of Nemelex Xobeh.
  1840 | D:3      | Noticed a scorpion
  1861 | D:3      | Killed a scorpion
  1862 | D:3      | Reached XP level 5. HP: 21/35 MP: 5/5
  2291 | D:4      | Noticed Dowan
  2292 | D:4      | Noticed Duvessa
  2293 | D:4      | Noticed Sigmund
  2307 | D:4      | Slain by Duvessa

Illustrated notes

Levels and vault maps discovered:
D:1:      dpeg_arrival_arbitrary_b, layout_loops_cross,
          ebering_ecumenical_altar_petrified
D:2:      layout_basic, hangedman_feature_mirror
D:3:      layout_loops_ring, mainiacjoe_overflow_alcove_4,
          minmay_misc_feat_doors
D:4:      nicolae_cairo_tiling_large_dashed, layout_loops_ring,
          nicolae_dithmenos_shadow_blocks, uniq_grinder, uniq_edmund,
          uniq_duvessa, uniq_sigmund

Skill      XL: |  1  2  3  4 |
---------------+-------------+-----
Fighting       | 2 |  2.5
Dodging        | 3 |  3.1
Unarmed Combat | |  3.9
Shapeshifting  | |  3.8

Action                     |  1- 3 |  4- 6 || total
---------------------------+-------+-------++-------
  Melee: Unarmed           |    64 |    35 ||    99
         Constrict         |    13 |    11 ||    24
         Tentacles         |     5 |     5 ||    10
         Punch             |     1 |     1 ||     2
    Use: Potion            |     1 |     6 ||     7
   Stab: Sleeping          |     5 |     7 ||    12
 Armour: Skin              |    26 |    19 ||    45
  Dodge: Dodged            |    29 |    12 ||    41
